 Dungeon Crawl Stone Soup version 0.28-a0-563-gf77a47075d (webtiles) character file.

Game seed: 2689890249735553333

1281 bande the Chopper (level 8, 45/50 HPs)
             Began as a Gargoyle Fighter on Sept 30, 2021.
             Quit the game on level 5 of the Dungeon.
             The game lasted 00:11:27 (4914 turns).

bande the Chopper (Gargoyle Fighter)                Turns: 4914, Time: 00:11:28

Health: 45/50      AC: 13    Str: 24    XL:     8   Next: 54%
Magic:  8/8        EV: 10    Int:  6    God:
Gold:   273        SH:  4    Dex: 10    Spells: 7/7 levels left

rFire   . . .      SeeInvis .   a - +0 war axe
rCold   + . .      Faith    .   c - +0 buckler
rNeg    + . .      Spirit   .   b - +0 scale mail
rPois   ∞          Reflect  .   n - +2 helmet of Mumubb {rElec Will+}
rElec   +          Harm     .   o - scarf {+Inv}
rCorr   .          Rampage  .   (no gloves)
Will    +....      Rnd*Tele +   (no boots)
Stlth   ..........              (no amulet)
HPRegen 0.16/turn               i - ring of protection from cold
MPRegen 0.11/turn               (no ring)

@: no status effects
A: sickness immunity, AC +5, negative energy resistance 1, electricity
resistance, torment resistance 1, petrification resistance, hooves 1, deformed
body, dopey 1, strong 1, teleportitis 1, MP-powered wands
a: Evoke Invisibility


You were on level 5 of the Dungeon.
You visited 1 branch of the dungeon, and saw 5 of its levels.

You collected 273 gold pieces.

Inventory:

Hand Weapons
 a - a +0 war axe (weapon)
 k - a +0 flail
Missiles
 m - a throwing net (quivered)
Armour
 b - a +0 scale mail (worn)
 c - a +0 buckler (worn)
 n - the +2 helmet of Mumubb (worn) {rElec Will+}
   (You acquired it on level 4 of the Dungeon)

   rElec:     It insulates you from electricity.
   Will:      It increases your willpower.
 o - a scarf of invisibility (worn)
Jewellery
 i - a ring of protection from cold (left hand)
Wands
 d - a wand of flame (12)
Potions
 e - a potion of magic
 g - 2 potions of haste
 h - a potion of berserk rage {unknown}
 j - a potion of flight {unknown}
 l - a potion of heal wounds {unknown}
 p - a potion of ambrosia {unknown}


   Skills:
 + Level 5.4 Fighting
 + Level 6.8 Axes
 + Level 6.0 Armour
 - Level 0.1 Stealth
 + Level 4.6 Shields
 * Level 1.3 Evocations


You had 7 spell levels left.
You didn't know any spells.
Your spell library was empty.

Dungeon Overview and Level Annotations

Branches:
Dungeon (5/15)
 Temple: D:4-7

Altars:
Dithmenos
Gozag

Shops:
D:1 [[*


Innate Abilities, Weirdness & Mutations

You are immune to sickness and miasma.
Your stone body is resilient. (AC +5)
You are immune to poison.
You resist negative energy. (rN+)
You are resistant to electric shocks. (rElec)
You are resistant to unholy torment.
You are immune to petrification.
You have large cloven feet.
Armour fits poorly on your strangely shaped body.
You are dopey. (Int -2)
Your muscles are strong. (Str +2)
You are occasionally teleported next to monsters.
You expend magic power (3 MP) to strengthen your wands.


Message History

The centaur kicks you but does no damage.
The centaur hits you but does no damage.
The centaur kicks you but does no damage.
You slash the centaur!
The centaur is moderately wounded.
The centaur hits you but does no damage.
The centaur kicks you but does no damage.
The centaur hits you. The centaur kicks you.
You hit the centaur.
The centaur is heavily wounded.
The centaur hits you. You block the centaur's attack.
The centaur hits you but does no damage.
The centaur closely misses you.
You slash the centaur!
You kill the centaur!
Your Armour skill increases to level 6!
No target in view!
No target in view!
No target in view!
No target in view!
No target in view!
No target in view!
As you read the scroll labelled CURILU VOEVYLL, it crumbles to dust.
It is a scroll of identify.
g - 2 potions of haste
As you read the scroll of identify, it crumbles to dust.
f - 2 potions of mutation
As you read the scroll of identify, it crumbles to dust.
e - a potion of magic Really quaff the potion of mutation?
Uppercase [Y]es or [N]o only, please.
Really quaff the potion of mutation?
You feel extremely strange.
You feel your magical essence link to the dungeon's wands.
Your feet thicken and deform.
You feel stronger.
Really quaff the potion of mutation?
You feel extremely strange.
You feel weaker.
You feel weirdly uncertain.
You feel stupid.
Your body twists and deforms.
You feel stronger.
Are you sure you want to abandon this character and quit the game? (Confirm with "yes".)

..###....###...#
...#
..............#
...#
#..........# .8
##...#######
###.#8###8##
#.........
#.........
#.........
#@#8###8##
......).### #
######... .....
......# 88888..#
88.888..#
.........#


There were no monsters in sight!

Vanquished Creatures
  Sigmund (D:3)
  A water moccasin (D:4)
  2 ogres (D:4)
  A necrophage (D:4)
  A centaur (D:5)
  A jelly (D:4)
  3 hounds
  An orc priest (D:3)
  2 gnoll shamans (D:4)
  An iguana (D:4)
  3 orc wizards
  Natasha (thrice) (D:3)
  A hound skeleton (D:5)
  Robin (D:3)
  11 gnolls
  6 adders
  3 adder skeletons (D:4)
  A worm (D:2)
  A dart slug (D:1)
  13 orcs
  7 endoplasms
  6 giant cockroaches
  16 goblins
  4 hobgoblins
  3 jackals (D:4)
  7 kobolds
  4 quokkas (D:3)
  6 ball pythons
  7 bats
  6 rats (D:1)
123 creatures vanquished.

Notes
Turn   | Place    | Note
-------+----------+-------------------------------------------
     0 | D:1      | bande the Gargoyle Fighter began the quest for the Orb.
     0 | D:1      | Reached XP level 1. HP: 14/14 MP: 1/1
   175 | D:1      | Found Ritis's Armour Shoppe.
   209 | D:1      | Reached XP level 2. HP: 12/19 MP: 2/2
   322 | D:1      | Found Gajeiretz's Antique Armour Boutique.
   364 | D:1      | Found a faded altar of an unknown god.
   513 | D:1      | Found Itranoeh's General Store.
   522 | D:1      | Reached XP level 3. HP: 23/23 MP: 3/3
  1722 | D:3      | Noticed Sigmund
  1733 | D:3      | Killed Sigmund
  1734 | D:3      | Reached XP level 4. HP: 22/29 MP: 4/4
  1734 | D:3      | Reached XP level 5. HP: 25/33 MP: 5/5
  1812 | D:3      | Noticed Natasha
  1831 | D:3      | Reached XP level 6. HP: 30/38 MP: 6/6
  1838 | D:3      | Killed Natasha
  1979 | D:3      | Noticed Robin
  1993 | D:3      | Killed Robin
  2026 | D:3      | Noticed Natasha
  2032 | D:3      | Killed Natasha
  2087 | D:3      | Noticed Natasha
  2093 | D:3      | Killed Natasha
  2222 | D:3      | Found a shadowy altar of Dithmenos.
  2288 | D:3      | Reached skill level 5 in Axes
  2425 | D:2      | Reached XP level 7. HP: 44/44 MP: 7/7
  3488 | D:4      | Reached skill level 5 in Armour
  3549 | D:4      | HP: 1/44 [gnoll (3)]
  3986 | D:4      | Reached skill level 5 in Fighting
  3986 | D:4      | Reached XP level 8. HP: 39/49 MP: 8/8
  4350 | D:4      | Identified a scroll of acquirement
  4350 | D:4      | Acquired the +2 helmet of Mumubb {rElec Will+}
  4525 | D:4      | Reached skill level 1 in Evocations
  4758 | D:5      | Entered Level 5 of the Dungeon
  4841 | D:5      | Found an opulent altar of Gozag.
  4912 | D:5      | Gained mutation: You expend magic power (3 MP) to
                  | strengthen your wands. [potion of mutation]
  4912 | D:5      | Gained mutation: You have large cloven feet. [potion of
                  | mutation]
  4912 | D:5      | Gained mutation: Your muscles are strong. (Str +2) [potion
                  | of mutation]
  4913 | D:5      | Lost mutation: Your muscles are strong. (Str +2) [potion of
                  | mutation]
  4913 | D:5      | Gained mutation: You are occasionally teleported next to
                  | monsters. [potion of mutation]
  4913 | D:5      | Gained mutation: You are dopey. (Int -2) [potion of
                  | mutation]
  4913 | D:5      | Gained mutation: Armour fits poorly on your strangely
                  | shaped body. [potion of mutation]
  4913 | D:5      | Gained mutation: Your muscles are strong. (Str +2) [potion
                  | of mutation]
  4914 | D:5      | Quit the game

Illustrated notes

Levels and vault maps discovered:
D:1:      onia_arrival_handbag, layout_rooms, serial_shops, shop,
          nicolae_shop_trees, nicolae_diamond_shop,
          dreamdust_ecumenical_altar_angels_and_demons, serial_rivers,
          chequers_serial_rivers_micro_c, chequers_serial_rivers_small_b,
          chequers_serial_rivers_micro_d, chequers_serial_rivers_small_a,
          chequers_serial_rivers_small_a, chequers_serial_rivers_small_3,
          minmay_tall_x
D:2:      layout_loops_ring, dk_vineyard_2, grunt_decor_cap
D:3:      layout_basic, lemuel_coloured_pillars_altar, uniq_natasha, uniq_robin,
          uniq_sigmund
D:4:      layout_loops_cross, hangedman_decor_slide_cut, cheibrodos_gnoll_hut
D:5:      layout_basic, mainiacjoe_overflow_24_doors, serial_corexii_hall,
          corexii_hall_statues_t, corexii_hall_statues_x,
          chequers_hall_statues_y, chequers_hall_statues_y, fountainhead,
          hellmonk_bongcloud_opening, hangedman_decor_lopped, minmay_door_square

Skill      XL: |  1  2  3  4  5  6  7  8 |
---------------+-------------------------+-----
Axes           | 2 4 5 6 |  6.8
Fighting       | 4 5 |  5.4
Armour         | 4 5 6 |  6.0
Shields        | 4 |  4.6
Evocations     | 1 |  1.3
Stealth        | |  0.1

Action                   |  1- 3 |  4- 6 |  7- 9 || total
-------------------------+-------+-------+-------++-------
Melee: War axe           |   102 |    97 |   197 ||   396
  Use: Scroll            |     2 |       |     6 ||     8
       Potion            |     1 |       |     2 ||     3
Armor: Scale mail        |    62 |    80 |   131 ||   273
Dodge: Dodged            |    40 |    40 |    81 ||   161
Block: Buckler           |    18 |    26 |    34 ||    78

Table legend: (Time is in decaauts)
 A = Elapsed time spent in this place.
 B = Non-inter-level travel time spent in this place.
 C = Inter-level travel time spent in this place.
 D = Time resting spent in this place.
 E = Time spent auto-exploring this place.
 F = Levels seen in this place.
 G = Mean time per level.
                   A        B        C        D        E       F      G
               +--------+--------+--------+--------+--------+-----+--------+
         Total |   5038 |   4874 |    164 |   1087 |   2629 |   5 | 1007.6 |
       Dungeon |   5038 |   4874 |    164 |   1087 |   2629 |   5 | 1007.6 |
               +--------+--------+--------+--------+--------+-----+--------+

Top non-repeatable levels by time:
     D:4: 1530 daAuts
     D:3: 1231 daAuts
     D:2: 1190 daAuts
     D:1: 928 daAuts
     D:5: 157 daAuts
